 Dungeon Crawl Stone Soup version 0.28.0-43-g3370ac3207 (webtiles) character file.

Game seed: 3511482695831118369

1407 terff the Cudgeller (level 9, -3/69 HPs)
             Began as a Human Fighter on Mar 30, 2022.
             Was a Follower of Okawaru.
             Slain by a killer bee (7 damage)
             ... on level 6 of the Dungeon.
             The game lasted 00:15:13 (6865 turns).

terff the Cudgeller (Human Fighter)                 Turns: 6865, Time: 00:15:14

Health: -3/69      AC: 14    Str: 29    XL:     9   Next: 1%
Magic:  9/9        EV: 11    Int:  8    God:    Okawaru [*.....]
Gold:   1494       SH:  5    Dex: 17    Spells: 5/8 levels left

rFire   + . .      SeeInvis .   a - +0 flail
rCold   + . .      Faith    .   c - +0 buckler
rNeg    . . .      Spirit   .   b - +0 scale mail
rPois   +          Reflect  .   (no helmet)
rElec   +          Harm     .   l - +2 cloak
rCorr   +          Rampage  .   (no gloves)
Will    .....                   r - +2 pair of boots
Stlth   ..........              k - amulet of the acrobat
HPRegen 0.21/turn               n - +6 ring of strength
MPRegen 0.11/turn               h - +6 ring of strength

@: lethally poisoned (-3 -> -13), resistant
A: no striking features
a: Renounce Religion, Heroism


You were on level 6 of the Dungeon.
You worshipped Okawaru.
Okawaru was aware of your devotion.
You visited 2 branches of the dungeon, and saw 7 of its levels.

You collected 1494 gold pieces.

Inventory:

Hand Weapons
 a - a +0 flail (weapon)
 m - a +0 demon trident
Armour
 b - a +0 scale mail (worn)
 c - a +0 buckler (worn)
 l - a +2 cloak (worn)
 r - a +2 pair of boots (worn)
Jewellery
 h - a +6 ring of strength (right hand)
 i - a ring of wizardry
 k - an amulet of the acrobat (around neck)
 n - a +6 ring of strength (left hand)
 p - an amulet of reflection
 u - a +4 ring of slaying
Wands
 t - a wand of iceblast (9)
Scrolls
 g - a scroll of holy word
 s - a scroll of identify
Potions
 d - a potion of might
 f - 5 potions of haste
 j - a potion of brilliance
 q - a potion of flight


   Skills:
 * Level 5.9 Fighting
 + Level 6.3 Maces & Flails
 + Level 5.7 Armour
 + Level 2.5 Dodging
 + Level 0.6 Stealth
 + Level 4.5 Shields


You had 5 spell levels left.
You knew the following spells:

 Your Spells              Type           Power      Damage    Failure   Level
a - Ozocubu's Armour      Ice            0%         N/A       98%         3

Your spell library contained the following spells:

 Spells                   Type           Power      Damage    Failure   Level
 Apportation              Tloc           0%         N/A       75%         1
 Pain                     Necr           0%         1d4       75%         1
 Sting                    Tmut/Pois      0%         1d3       75%         1
 Poisonous Vapours        Pois/Air       0%         N/A       86%         2
 Vampiric Draining        Necr           0%         2d6       98%         3
 Olgreb's Toxic Radiance  Pois           0%         N/A       100%        4
 Alistair's Intoxication  Tmut/Pois      0%         N/A       100%        5
 Ozocubu's Refrigeration  Ice            0%         4d5       100%        7
 Animate Skeleton         Necr           Unusable   N/A       N/A         1
 Animate Dead             Necr           Unusable   N/A       N/A         4
 Haunt                    Necr/Summ      Unusable   N/A       N/A         7
 Infestation              Necr           Unusable   N/A       N/A         8

Dungeon Overview and Level Annotations

Branches:
Dungeon (6/15)             Temple (1/1) D:5

Altars:
Ashenzari
Cheibriados
Fedhas
Gozag
Kikubaaqudgha
Makhleb
Nemelex Xobeh
Okawaru
Qazlal
Ru
Trog
Uskayaw
Vehumet
Wu Jian
Xom
Yredelemnul
Zin
The Shining One


Message History

You closely miss the killer bee.
You feel sick.
The killer bee stings you but does no damage.
The killer bee stings you. You block the killer bee's attack.
The killer bee stings you. The killer bee closely misses you.
You thump the killer bee!
The killer bee is heavily wounded.
You feel sick.
The killer bee stings you but does no damage. x2
The killer bee completely misses you. The killer bee stings you.
* * * LOW HITPOINT WARNING * * *
You are more poisoned.
The killer bee poisons you!
The killer bee stings you but does no damage.
Aiming: Iceblast
Press: ? - help, Shift-Dir - straight line, f - killer bee
Aim: a killer bee
Okay, then.
You feel protected.
You feel sick. The killer bee barely misses you.
The killer bee stings you but does no damage.
The killer bee stings you.
* * * LOW HITPOINT WARNING * * *
The killer bee barely misses you.
You hit the killer bee.
The killer bee is severely wounded.
You feel sick. The killer bee stings you.
* * * LOW HITPOINT WARNING * * *
You are lethally poisoned!
The killer bee poisons you! The killer bee barely misses you.
The killer bee misses you.
The killer bee stings you but does no damage.
You thump the killer bee!
You kill the killer bee!
Okawaru accepts your kill.
* * * LOW HITPOINT WARNING * * *
You feel very sick. The killer bee stings you.
* * * LOW HITPOINT WARNING * * *
The killer bee stings you!
You die...

.# ##.
##..
...##
#...#
#...###
#....#
#.@#
#y†#
#.## ..
###


You could see a killer bee.

Vanquished Creatures
  A water moccasin (D:5)
  2 black bears (D:5)
  2 ogres
  A sky beast (D:5)
  A necrophage (D:5)
  A phantom (D:5)
  2 bullfrogs (D:5)
  A scorpion (D:5)
  A killer bee (D:6)
  A centaur zombie (D:5)
  A hound (D:5)
  2 centaur skeletons
  A jelly (D:5)
  An orc priest (D:5)
  A bullfrog skeleton (D:5)
  A gnoll shaman (D:4)
  An iguana (D:5)
  An orc wizard (D:3)
  A howler monkey skeleton (D:5)
  5 adders
  6 gnolls
  A white imp (D:5)
  An ufetubus (D:5)
  3 worms
  9 orcs
  5 endoplasms
  3 giant cockroaches
  8 goblins
  10 hobgoblins
  15 jackals
  5 kobolds
  5 quokkas
  6 ball pythons
  3 bats
  3 frilled lizards
  7 rats
118 creatures vanquished.

Notes
Turn   | Place    | Note
-------+----------+-------------------------------------------
     0 | D:1      | terff the Human Fighter began the quest for the Orb.
     0 | D:1      | Reached XP level 1. HP: 18/18 MP: 1/1
   132 | D:1      | Reached XP level 2. HP: 24/24 MP: 2/2
   473 | D:1      | Reached XP level 3. HP: 29/29 MP: 3/3
  2021 | D:2      | Reached XP level 4. HP: 34/35 MP: 4/4
  2296 | D:2      | Learned a level 3 spell: Ozocubu's Armour
  2630 | D:2      | Found a faded altar of an unknown god.
  3781 | D:3      | Reached skill level 3 in Maces & Flails
  3781 | D:3      | Reached XP level 5. HP: 36/41 MP: 5/5
  4290 | D:5      | Entered Level 5 of the Dungeon
  4306 | D:4      | Reached skill level 1 in Dodging
  4434 | D:5      | Reached XP level 6. HP: 37/48 MP: 6/6
  4450 | D:5      | Noticed a water moccasin
  4704 | D:4      | Identified a scroll of acquirement
  4704 | D:4      | Acquired 1301 gold pieces
  5181 | D:5      | Noticed an ogre
  5195 | D:4      | Killed an ogre
  5196 | D:4      | Reached skill level 4 in Maces & Flails
  5205 | D:5      | Reached XP level 7. HP: 44/54 MP: 7/7
  5245 | D:5      | Killed a water moccasin
  5423 | D:5      | Reached skill level 5 in Maces & Flails
  5707 | D:5      | Reached XP level 8. HP: 61/61 MP: 8/8
  5770 | D:5      | Found a staircase to the Ecumenical Temple.
  5814 | D:5      | Reached skill level 5 in Fighting
  6112 | Temple   | Entered the Ecumenical Temple
  6360 | Temple   | Became a worshipper of Warmaster Okawaru
  6560 | D:5      | Reached skill level 5 in Armour
  6595 | D:5      | Reached skill level 6 in Maces & Flails
  6695 | D:5      | Reached * piety under Okawaru
  6817 | D:5      | Reached XP level 9. HP: 60/69 MP: 9/9
  6865 | D:6      | Slain by a killer bee

Illustrated notes

Levels and vault maps discovered:
D:1:      dpeg_chamrin_arrival_tetris, layout_basic
D:2:      layout_loops_ring, hellmonk_ecumenical_altar_heavens_door,
          roderic_lattice_a
D:3:      layout_basic
D:4:      layout_cave_pools, grunt_decor_arrowhead
D:5:      minmay_razor_zed, layout_cave_pools, minmay_temple_entry_slanted,
          hangedman_decor_riveting
D:6:      layout_layer_cave, minmay_fountain_box
Temple:   mainiacjoe_temple_trianglar_array

Skill      XL: |  1  2  3  4  5  6  7  8 |
---------------+-------------------------+-----
Maces & Flails | 3 4 5 6 |  6.3
Dodging        | 1 2 |  2.5
Shields        | 4 |  4.5
Armour         | 4 5 |  5.7
Fighting       | 4 5 |  5.9
Stealth        | |  0.6

Action                   |  1- 3 |  4- 6 |  7- 9 || total
-------------------------+-------+-------+-------++-------
Melee: Flail             |    83 |   199 |   162 ||   444
  Use: Scroll            |     5 |     6 |     5 ||    16
       Potion            |       |       |     2 ||     2
Armor: Scale mail        |    43 |    98 |    94 ||   235
       Skin              |       |       |     2 ||     2
Dodge: Dodged            |    39 |   141 |   134 ||   314
Block: Buckler           |    23 |    70 |    61 ||   154
